 Dungeon Crawl Stone Soup version 0.19.1-1-g22dce08 (webtiles) character file.

53 theAP the Stinger (level 3, -3/24 HPs)
             Began as a Demonspawn Venom Mage on Dec 31, 2016.
             Slain by a worm (5 damage)
             ... on level 1 of the Dungeon.
             The game lasted 00:05:34 (850 turns).

theAP the Stinger (Demonspawn Venom Mage)            Turns: 850, Time: 00:05:35

Health: -3/24      AC:  8    Str:  9    XL:     3   Next: 62%
Magic:  5/6        EV: 10    Int: 16    God:
Gold:   55         SH:  0    Dex: 13    Spells: 1 memorised, 5 levels left

rFire  + . .     SeeInvis .     k - +0 mace
rCold  x . .     Gourm    .     j - +0 ring mail
rNeg   . . .     Faith    .     (no shield)
rPois  .         Spirit   .     (no helmet)
rElec  .         Reflect  .     (no cloak)
rCorr  .         Harm     .     i - +1 pair of gloves
MR     .....                    f - +0 pair of boots
Stlth  +.........               (no amulet)
                                (no ring)
                                h - ring of fire

@: lethally poisoned (-3 -> -14), very slightly contaminated
A: powered by death 1
a: no special abilities


You were on level 1 of the Dungeon.
You were hungry.

You visited 1 branch of the dungeon, and saw 2 of its levels.

You collected 55 gold pieces.

Inventory:

Hand Weapons
 k - a +0 mace (weapon)
Armour
 a - a +0 robe
 f - a +0 pair of boots (worn)
 i - a +1 pair of gloves (worn)
 j - a +0 ring mail (worn)
Jewellery
 h - a ring of fire (left hand)
Scrolls
 d - a scroll of teleportation {unknown}
 e - a scroll of magic mapping {unknown}
 g - 2 scrolls of identify {unknown}
Books
 b - a Young Poisoner's Handbook

   Spells                             Type                      Level
   a - Sting                          Conjuration/Poison           1
   b - Mephitic Cloud                 Conjuration/Poison/Air       3
   c - Olgreb's Toxic Radiance        Poison                       4
   d - Alistair's Intoxication        Transmutation/Poison         5
   e - Venom Bolt                     Conjuration/Poison           5
Comestibles
 c - a bread ration
 m - a meat ration


   Skills:
 * Level 1.5 Maces & Flails
 + Level 0.6 Armour
 - Level 1.8 Dodging
 - Level 1.7 Stealth
 - Level 2.1 Spellcasting
 - Level 0.4 Conjurations
 - Level 4.6 Poison Magic


You had 5 spell levels left.
You knew the following spells:

 Your Spells              Type           Power        Failure   Level  Hunger
a - Sting                 Conj/Pois      #...         21%         1    #......


Dungeon Overview and Level Annotations

Branches:
Dungeon (2/15)

Altars:


Innate Abilities, Weirdness & Mutations

You regenerate a little health from kills.


Message History

* * * LOW HITPOINT WARNING * * *
You feel sick.
The worm looks more healthy.
The adder bites you.
* * * LOW HITPOINT WARNING * * *
The adder bites you.
* * * LOW HITPOINT WARNING * * *
You are more poisoned.
The adder poisons you!
You hit the adder.
You kill the adder!
You feel sick.
A kobold comes into view.
The kobold shouts!
You sock the worm!
The worm is heavily wounded.
You feel sick.
You hit the worm but do no damage.
The worm is heavily wounded.
* * * LOW HITPOINT WARNING * * *
You feel sick. The worm bites you.
You die...

##.# #.............##..########.#
...###.######...................#
####...................##.......#
...........>#.#..####..##.#####.#
..##.#.................##.# #.#
........#..[.w#..#####.##.# #.#
.................# #.##.# ###
..##....#.....##w# #.##.#
..##....#.....##@# #.##.#
..##....###.#.##.# #.##.#
.................# #.##.#
.###..#..##.####.# #.##.#
............####K#####.##.#######
####..#..##.#............[......#
#..#..##.####.#####.##.#####.#
###.....##.####.# #.##.#####.#
##...............#####..........#


You could see a worm and a kobold.

Vanquished Creatures
  A gnoll (D:1)
  An adder (D:1)
  3 dart slugs (D:1)
  A ball python (D:1)
  2 goblins (D:1)
  4 hobgoblins (D:1)
  4 jackals (D:1)
  A quokka (D:1)
  3 bats (D:1)
  2 frilled lizards (D:1)
  A kobold (D:1)
  6 rats (D:1)
29 creatures vanquished.

Notes
Turn   | Place    | Note
-------+----------+-------------------------------------------
     0 | D:1      | theAP the Demonspawn Venom Mage began the quest for the Orb.
     0 | D:1      | Reached XP level 1. HP: 13/13 MP: 3/3
    98 | D:1      | Gained mutation: You regenerate a little health from kills. [demonic ancestry]
    98 | D:1      | Reached XP level 2. HP: 19/19 MP: 0/5
   470 | D:1      | Reached skill level 1 in Maces & Flails
   470 | D:1      | Reached XP level 3. HP: 24/24 MP: 0/6
   850 | D:1      | Slain by a worm

Skill      XL: |  1  2 |
---------------+-------+-----
Maces & Flails | 1 |  1.5
Armour         | |  0.6
Dodging        | |  1.8
Stealth        | |  1.7
Spellcasting   | |  2.1
Conjurations   | |  0.4
Poison Magic   | |  4.6

Action                   || total
-------------------------++-------
Melee: Unarmed           ||    10
       Mace              ||    37
 Cast: Sting             ||    43
  Use: Potion            ||     4
Armor: Robe              ||     2
       Ring mail         ||    36
Dodge: Dodged            ||    61
